 Dungeon Crawl Stone Soup version 0.27-a0-686-gaed091b46b (webtiles) character file.

Game seed: 7814285372164888805

2466 Dreamer the Covert (level 9, -4/108 HPs)
             Began as a Formicid Berserker on Mar 21, 2021.
             Was an Elder of Trog.
             Slain by Harold
             ... wielding a +1 short sword of freezing
              (11 damage)
             ... on level 7 of the Dungeon.
             The game lasted 00:17:15 (7539 turns).

Dreamer the Covert (Formicid Berserker)             Turns: 7539, Time: 00:17:16

Health: -4/108     AC: 24    Str: 26    XL:     9   Next: 80%
Magic:  9/9        EV:  2    Int:  6    God:    Trog [****..]
Gold:   296        SH:  0    Dex: 10    Spells: 8/8 levels left

rFire    . . .     SeeInvis .   g - +0 whip (elec)
rCold    . . .     Faith    .   (no shield)
rNeg     + + +     Spirit   .   (armour currently unavailable)
rPois    +         Reflect  .   (helmet unavailable)
rElec    .         Harm     .   (cloak currently unavailable)
rCorr    .         Rampage  .   (gloves currently unavailable)
Will     .....                  (boots currently unavailable)
Stlth    ++++......             a - amulet of the acrobat
HPRegen  0.28/turn              (no ring)
MPRegen  0.11/turn              (no ring)

@: tree-form, marked
A: stationary, stasis, torment immunity, boosted hp, permanent stasis, dig
shafts and tunnels, (antennae 3), four strong arms
a: Renounce Religion, Trog's Hand, Brothers in Arms


You were on level 7 of the Dungeon.
You worshipped Trog.
Trog was greatly pleased with you.
You were a tree.
You visited 1 branch of the dungeon, and saw 7 of its levels.

You collected 296 gold pieces.

Inventory:

Hand Weapons
 g - a +0 whip of electrocution (weapon)
 z - a +1 dire flail of freezing
Armour
 m - a +0 plate armour (melded)
Jewellery
 a - an amulet of the acrobat (around neck)
 j - an amulet of guardian spirit
 y - a ring of magical power
Wands
 e - a wand of acid (8)
 s - a wand of paralysis (9)
 u - a wand of random effects (13)
Scrolls
 d - 2 scrolls of identify {unknown}
 f - 2 scrolls of amnesia {unknown}
 h - 3 scrolls of fear {unknown}
 i - a scroll of random uselessness {unknown}
 k - 2 scrolls of blinking {unknown}
 l - 5 scrolls of teleportation {unknown}
 p - a scroll of vulnerability {unknown}
 x - 2 scrolls of fog {unknown}
 A - a scroll of holy word {unknown}
Potions
 b - 2 potions of flight {unknown}
 c - 2 potions of mutation {unknown}
 n - a potion of degeneration {unknown}
 o - a potion of berserk rage {unknown}
 q - a potion of attraction {unknown}
 r - 2 potions of lignification
 t - a potion of ambrosia {unknown}
 v - a potion of haste {unknown}
 w - a potion of curing {unknown}


   Skills:
 + Level 7.6 Fighting
 + Level 7.0 Maces & Flails
 + Level 7.1 Armour
 - Level 1.7 Dodging
 + Level 8.1 Stealth


You had 8 spell levels left.
You didn't know any spells.
Your spell library was empty.

Dungeon Overview and Level Annotations

Branches:
Dungeon (7/15)             Temple (0/1) D:7

Altars:
Dithmenos
Hepliaklqana
Ru
Trog
Uskayaw
Wu Jian

Shops:
D:6 [

Annotations:
D:7 Harold


Innate Abilities, Weirdness & Mutations

You are a tree.
Your roots penetrate the ground, keeping you stationary.
You cannot be teleported.
You are immune to unholy pain and torment.
Your maximum health is greatly increased.
Your equipment is partially melded.
You cannot be hasted, slowed, berserked, paralysed or teleported.
You can dig through walls and to a lower floor.
((You have a pair of large antennae on your head. (SInv)))
Your four strong arms can wield two-handed weapons with a shield.


Message History

You hit Harold.
Harold is moderately wounded.
Harold says, "Listen, it's nothing personal.
It's just a job."
Harold barely misses you.
You closely miss Harold.
Harold is moderately wounded.
Harold barely misses you.
You hit Harold. Lightning courses through Harold!
Harold is heavily wounded.
You feel the effects of Trog's Hand fading.
Harold hits you with a +1 short sword of freezing!
* * * LOW HITPOINT WARNING * * *
Harold freezes you.
* * * LOW HITPOINT WARNING * * *
You hit Harold but do no damage.
Harold is heavily wounded.
You barely miss Harold.
Harold is heavily wounded.
Harold gestures at you while chanting.
You struggle to resist.
You hit Harold.
Harold is heavily wounded.
Harold hits you with a +1 short sword of freezing!
* * * LOW HITPOINT WARNING * * *
Harold freezes you.
* * * LOW HITPOINT WARNING * * *
It was a potion of lignification.
You turn into a tree.
Your +0 plate armour melds into your body.
Your roots penetrate the ground.
Harold hits you but does no damage.
You barely miss Harold.
Harold is heavily wounded.
Harold hits you but does no damage.
You whack Harold!
Harold is heavily wounded.
Your skin stops crawling.
You feel less strong-willed.
You closely miss Harold.
Harold is heavily wounded.
Harold says, "Do you have any idea what people are willing to pay to have you killed, Dreamer?"
Harold hits you with a +1 short sword of freezing!
You die...

#.### #...# #.#.#
#########@..#
#.#.#
............#
#.#.#
#....##...######
#.#..
#..{.#.#.......#
#.... #{##.......#
#....
##@#.....).###....
#♣##............<.
####.......≈≈§....
####.#.≈≈§§≈..#
#.#≈≈§§§§≈.#
#.#≈§≈>≈≈≈.#
#.#≈≈≈≈≈≈≈.#
#.#.≈≈≈≈≈..#
#.#..≈≈≈...#


You could see Harold.

Vanquished Creatures
  Grinder (D:3)
  Prince Ribbit (D:5)
  The ghost of Aapotti the Stinger, an amateur DgVM (D:4)
  A water moccasin (D:4)
  2 ice beasts
  2 sky beasts (D:6)
  A black bear (D:6)
  3 ogres
  2 bullfrogs
  2 scorpions (D:5)
  5 wights (D:6)
  A howler monkey (D:4)
  3 hounds
  Terence (D:3)
  An iguana (D:4)
  6 orc wizards
  5 worker ants (D:4)
  A hound skeleton (D:2)
  3 gnolls
  7 adders
  3 oozes
  2 adder skeletons (D:4)
  A worm (D:3)
  A dart slug (D:1)
  3 leopard geckos
  16 orcs
  3 ball pythons
  8 giant cockroaches
  9 goblins
  4 hobgoblins
  7 quokkas
  9 bats
  7 frilled lizards
  A jackal skeleton (D:4)
  13 kobolds
  5 rats
  A spectral kobold (D:3)
142 creatures vanquished.

Notes
Turn   | Place    | Note
-------+----------+-------------------------------------------
     0 | D:1      | Dreamer the Formicid Berserker began the quest for the Orb.
     0 | D:1      | Reached XP level 1. HP: 18/18 MP: 1/1
   558 | D:1      | Reached XP level 2. HP: 18/24 MP: 2/2
   670 | D:1      | Reached skill level 1 in Stealth
   902 | D:1      | Reached XP level 3. HP: 29/29 MP: 3/3
   911 | D:1      | Reached ** piety under Trog
  1530 | D:2      | Reached skill level 2 in Stealth
  1530 | D:2      | Reached XP level 4. HP: 23/37 MP: 4/4
  1788 | D:2      | Found a shadowy altar of Dithmenos.
  2422 | D:3      | Reached XP level 5. HP: 16/42 MP: 5/5
  2767 | D:3      | Noticed Terence
  2784 | D:3      | Killed Terence
  2785 | D:3      | Reached skill level 3 in Stealth
  2985 | D:3      | Found a hide-covered altar of Uskayaw.
  2991 | D:3      | Noticed Grinder
  2999 | D:3      | Killed Grinder
  3000 | D:3      | Reached skill level 4 in Stealth
  3000 | D:3      | Reached XP level 6. HP: 30/50 MP: 2/6
  3134 | D:3      | Found a hazy altar of Hepliaklqana.
  3183 | D:3      | Reached XP level 7. HP: 55/55 MP: 7/7
  3489 | D:3      | Reached *** piety under Trog
  3497 | D:3      | Reached skill level 5 in Fighting
  4131 | D:4      | Reached skill level 5 in Maces & Flails
  4131 | D:4      | Reached skill level 5 in Stealth
  4325 | D:4      | Found a large runed translucent door.
  4325 | D:4      | Found a large runed translucent door.
  4326 | D:4      | Noticed Aapotti's ghost (amateur DgVM)
  4396 | D:4      | Reached XP level 8. HP: 60/63 MP: 8/8
  4433 | D:4      | Found a bloodstained altar of Trog.
  4492 | D:4      | Reached skill level 5 in Armour
  4519 | D:4      | Reached **** piety under Trog
  5141 | D:4      | Killed Aapotti's ghost
  5142 | D:4      | Reached skill level 6 in Stealth
  5393 | D:5      | Entered Level 5 of the Dungeon
  5544 | D:5      | Found an ornate altar of the Wu Jian Council.
  5876 | D:5      | Noticed Prince Ribbit
  5886 | D:5      | Reached XP level 9. HP: 71/71 MP: 9/9
  5909 | D:5      | Killed Prince Ribbit
  5910 | D:5      | Reached skill level 7 in Stealth
  6036 | D:5      | Found a sacrificial altar of Ru.
  6792 | D:6      | Found Kyxador's Antique Armour Emporium.
  7359 | D:6      | Reached skill level 8 in Stealth
  7495 | D:7      | Found a staircase to the Ecumenical Temple.
  7505 | D:7      | Noticed Harold
  7535 | D:7      | HP: 3/72 [Harold/+1 short sword of freezing (4)]
  7539 | D:7      | Slain by Harold

Illustrated notes

Levels and vault maps discovered:
D:1:      dpeg_arrival_another_circle, layout_basic
D:2:      layout_loops_ring, overflow_temple_1_default,
          kennysheep_generic_room_8
D:3:      layout_basic, nicolae_hepliaklqana_monster_ancestors,
          lemuel_crystal_altar, uniq_grinder, uniq_terence
D:4:      layout_cave_pools, bloody_trog, ebering_ghost_disaster_area,
          minmay_cut_off
D:5:      layout_loops_ring, nicolae_wu_jian_wuxing_cycle,
          nicolae_ru_sacrificial_ziggurat, uniq_prince_ribbit1
D:6:      layout_basic, serial_shops, kennysheep_mini_moat
D:7:      layout_basic, kennysheep_mini, lemuel_doored_altar,
          overflow_temple_1_default, minmay_temple_entry_mist, enter_bailey_4,
          basic_altar, uniq_harold

Skill      XL: |  1  2  3  4  5  6  7  8  9 |
---------------+----------------------------+-----
Stealth        | 1 2 4 5 6 8 |  8.1
Armour         | 3 4 6 7 |  7.1
Fighting       | 4 5 6 7 |  7.6
Maces & Flails | 4 5 6 7 |  7.0
Dodging        | |  1.7

Action                   |  1- 3 |  4- 6 |  7- 9 || total
-------------------------+-------+-------+-------++-------
Melee: Dagger            |    75 |       |       ||    75
       Mace              |    41 |     8 |       ||    49
       Whip              |       |    81 |   451 ||   532
Invok: Trog's Hand       |       |       |     2 ||     2
 Abil: Dig               |       |       |    12 ||    12
  Use: Potion            |       |       |     1 ||     1
Armor: Animal skin       |     1 |       |       ||     1
       Chain mail        |    46 |    31 |    42 ||   119
       Plate armour      |       |       |   134 ||   134
       Skin              |       |       |     2 ||     2
Dodge: Dodged            |    44 |    28 |   126 ||   198

Table legend: (Time is in decaauts)
 A = Elapsed time spent in this place.
 B = Non-inter-level travel time spent in this place.
 C = Inter-level travel time spent in this place.
 D = Time resting spent in this place.
 E = Time spent auto-exploring this place.
 F = Levels seen in this place.
 G = Mean time per level.
                   A        B        C        D        E       F      G
               +--------+--------+--------+--------+--------+-----+--------+
         Total |   7455 |   7321 |    134 |   1943 |   3863 |   7 | 1065.0 |
       Dungeon |   7455 |   7321 |    134 |   1943 |   3863 |   7 | 1065.0 |
               +--------+--------+--------+--------+--------+-----+--------+

Top non-repeatable levels by time:
     D:4: 1577 daAuts
     D:3: 1384 daAuts
     D:1: 1236 daAuts
     D:2: 1161 daAuts
     D:6: 1123 daAuts
     D:5: 932 daAuts
     D:7: 38 daAuts
